TOP OF THE 1ST |
Indian Hills Voodoo batting - Pitching for Yellowknife Claws : LHP Alfredo Ruíz
|
Pitching: LHP Alfredo Ruíz
|
|
Batting: LHB Dave Wilkinson
|
0-0: Ball 1-0: Ball 2-0: Called Strike 2-1: Foul Ball, location: 2F 2-2: Foul Ball, location: 2F 2-2: Ground out U3 (Groundball, 3)
|
Batting: RHB Juan Romero
|
0-0: Called Strike 0-1: Ball 1-1: Foul Ball, location: 2F 1-2: Ball 2-2: Strikes out looking
|
Batting: RHB Miguel Scallini
|
0-0: Swinging Strike 0-1: Called Strike 0-2: Strikes out swinging
|
Top of the 1st over - 0 runs, 0 hits, 0 errors, 0 left on base; Indian Hills 0 - Yellowknife 0 |
BOTTOM OF THE 1ST |
Yellowknife Claws batting - Pitching for Indian Hills Voodoo : LHP Ruggiero Bianchi
|
Pitching: LHP Ruggiero Bianchi
|
|
Batting: RHB Mike Morrow
|
0-0: Fly out, F9 (Flyball, 9)
|
Batting: RHB Preston Church
|
0-0: Called Strike 0-1: Foul Ball, location: 2F 0-2: Ball 1-2: Ball 2-2: Foul Ball, location: 2F 2-2: Ball 3-2: Ground out 5-3 (Groundball, 56S)
|
Batting: LHB Richard Shelton
|
0-0: Called Strike 0-1: SOLO HOME RUN (Line Drive, 9D), Distance : 393 ft
|
Batting: RHB Tomás Díaz
|
0-0: Ball 1-0: Called Strike 1-1: Ball 2-1: Ball 3-1: Called Strike 3-2: Foul Ball, location: 2F 3-2: Foul Ball, location: 2F 3-2: Ground out 6-3 (Groundball, 56)
|
Bottom of the 1st over - 1 run, 1 hit, 0 errors, 0 left on base; Indian Hills 0 - Yellowknife 1 |
TOP OF THE 2ND |
Indian Hills Voodoo batting - Pitching for Yellowknife Claws : LHP Alfredo Ruíz
|
Batting: RHB Nelson Zavala
|
0-0: SINGLE (Line Drive, 89M)
|
Batting: RHB Ernesto Reyes
|
0-0: Ball 1-0: Swinging Strike 1-1: Fly out, F9 (Flyball, 9)
|
Batting: RHB Ramón López
|
0-0: Ball 1-0: Called Strike 1-1: Fly out, F8 (Flyball, 8RD)
|
Batting: RHB Yeong-seon Kim
|
0-0: Ball 1-0: Ball 2-0: Ball 3-0: Base on Balls Nelson Zavala to second
|
Batting: RHB Jake Holmes
|
0-0: Swinging Strike 0-1: Ball 1-1: Ball 2-1: Fly out, F4 (Line Drive, 4)
|
Top of the 2nd over - 0 runs, 1 hit, 0 errors, 2 left on base; Indian Hills 0 - Yellowknife 1 |
BOTTOM OF THE 2ND |
Yellowknife Claws batting - Pitching for Indian Hills Voodoo : LHP Ruggiero Bianchi
|
Batting: RHB Ernesto Sánchez
|
0-0: Ball 1-0: Called Strike 1-1: SINGLE (Line Drive, 89S)
|
Batting: LHB Ramón Reynoso
|
0-0: Ball Ernesto Sánchez steals 2nd base 1-0: Ball Ernesto Sánchez steals 3rd base 2-0: Called Strike 2-1: Foul Ball, location: 2F 2-2: Ball 3-2: Strikes out looking
|
Batting: RHB Neal Sánchez
|
0-0: Foul Ball, location: 2F 0-1: Ball 1-1: Ball 2-1: Foul Ball, location: 2F 2-2: Ball 3-2: Foul Ball, location: 2F 3-2: Strikes out swinging
|
Batting: RHB Bartolo Luján
|
0-0: Called Strike 0-1: Foul Ball, location: 2F 0-2: Ball 1-2: Ball 2-2: Fly out, F9 (Flyball, 89S)
|
Bottom of the 2nd over - 0 runs, 1 hit, 0 errors, 1 left on base; Indian Hills 0 - Yellowknife 1 |
TOP OF THE 3RD |
Indian Hills Voodoo batting - Pitching for Yellowknife Claws : LHP Alfredo Ruíz
|
Batting: LHB Steve Jones
|
0-0: Ball 1-0: Ground out 4-3 (Groundball, 4)
|
Batting: LHB Dave Wilkinson
|
0-0: Swinging Strike 0-1: Foul Ball, location: 2F 0-2: Ball 1-2: Strikes out looking
|
Batting: RHB Juan Romero
|
0-0: Called Strike 0-1: Fly out, F7 (Flyball, 7S)
|
Top of the 3rd over - 0 runs, 0 hits, 0 errors, 0 left on base; Indian Hills 0 - Yellowknife 1 |
BOTTOM OF THE 3RD |
Yellowknife Claws batting - Pitching for Indian Hills Voodoo : LHP Ruggiero Bianchi
|
Batting: RHB Jesús Nieves
|
0-0: Ground out 1-3 (Groundball, 15S)
|
Batting: RHB Mike Morrow
|
0-0: Called Strike 0-1: DOUBLE (Line Drive, 78M)
|
Batting: RHB Preston Church
|
0-0: Called Strike 0-1: Ball 1-1: Foul Ball, location: 2F 1-2: Ball 2-2: Fly out, F8 (Flyball, 8RXD) Runner from 2nd tags up, SAFE at 3rd, no throw
|
Batting: LHB Richard Shelton
|
0-0: Ball 1-0: Called Strike 1-1: 2-RUN HOME RUN (Flyball, 89XD), Distance : 412 ft
|
Batting: RHB Tomás Díaz
|
0-0: Called Strike 0-1: Called Strike 0-2: Foul Ball, location: 2F 0-2: Ball 1-2: Foul Ball, location: 2F 1-2: Ball 2-2: Foul Ball, location: 2F 2-2: Ball 3-2: Base on Balls
|
Batting: RHB Ernesto Sánchez
|
0-0: Ball 1-0: Ball 2-0: Ball 3-0: Base on Balls Tomás Díaz to second
|
Batting: LHB Ramón Reynoso
|
0-0: Fielders Choice at 2nd, 6-4 (Groundball, 6)
|
Bottom of the 3rd over - 2 runs, 2 hits, 0 errors, 2 left on base; Indian Hills 0 - Yellowknife 3 |
TOP OF THE 4TH |
Indian Hills Voodoo batting - Pitching for Yellowknife Claws : LHP Alfredo Ruíz
|
Batting: RHB Miguel Scallini
|
0-0: Ball 1-0: TRIPLE (Line Drive, 9D)
|
Batting: RHB Nelson Zavala
|
0-0: Fly out, F6 (Line Drive, 6)
|
Batting: RHB Ernesto Reyes
|
0-0: Called Strike 0-1: SINGLE (Line Drive, 9S) Miguel Scallini scores
|
Batting: RHB Ramón López
|
0-0: Called Strike 0-1: SINGLE (Groundball, 4D) Ernesto Reyes to second Runner from 2nd tries for 3rd, SAFE, no throw
|
Batting: RHB Yeong-seon Kim
|
0-0: Swinging Strike 0-1: Ball 1-1: Foul Ball, location: 2F 1-2: Ball 2-2: Ball 3-2: Strikes out looking
|
Batting: RHB Jake Holmes
|
0-0: Ball 1-0: Swinging Strike 1-1: Called Strike 1-2: Ground out U3 (Groundball, 3)
|
Top of the 4th over - 1 run, 3 hits, 0 errors, 2 left on base; Indian Hills 1 - Yellowknife 3 |
BOTTOM OF THE 4TH |
Yellowknife Claws batting - Pitching for Indian Hills Voodoo : RHP Carlos Delgado
|
Pitching: RHP Carlos Delgado
|
|
Batting: RHB Neal Sánchez
|
0-0: Called Strike 0-1: Ball 1-1: Ball 2-1: Ball 3-1: Called Strike 3-2: Fly out, F4 (Popup, 4S)
|
Batting: RHB Bartolo Luján
|
0-0: Ball 1-0: Ground out 6-3 (Groundball, 6)
|
Batting: RHB Jesús Nieves
|
0-0: Called Strike 0-1: Fly out, F9 (Flyball, 9LM)
|
Bottom of the 4th over - 0 runs, 0 hits, 0 errors, 0 left on base; Indian Hills 1 - Yellowknife 3 |
TOP OF THE 5TH |
Indian Hills Voodoo batting - Pitching for Yellowknife Claws : LHP Alfredo Ruíz
|
Batting: LHB Steve Jones
|
0-0: Foul Ball, location: 2F 0-1: Ball 1-1: SINGLE (Line Drive, 8LS)
|
Batting: LHB Dave Wilkinson
|
0-0: Ball 1-0: Called Strike 1-1: SINGLE (Line Drive, 34D) Steve Jones to second
|
Batting: RHB Juan Romero
|
0-0: Ball 1-0: Called Strike 1-1: Ball 2-1: Foul Ball, location: 2F 2-2: Strikes out swinging
|
Batting: RHB Miguel Scallini
|
0-0: Ball 1-0: Ball 2-0: Ball 3-0: Called Strike 3-1: Foul Ball, location: 2F 3-2: Foul Ball, location: 2F 3-2: Base on Balls Steve Jones to third Dave Wilkinson to second
|
Pitching: RHP Rubén Serna
|
|
Batting: RHB Nelson Zavala
|
0-0: Fly out, F9 (Flyball, 9D) Runner from 3rd tags up, SCORES, throw made
|
Batting: RHB Ernesto Reyes
|
0-0: Called Strike 0-1: Foul Ball, location: 2F 0-2: Ball 1-2: Strikes out looking
|
Top of the 5th over - 1 run, 2 hits, 0 errors, 2 left on base; Indian Hills 2 - Yellowknife 3 |
BOTTOM OF THE 5TH |
Yellowknife Claws batting - Pitching for Indian Hills Voodoo : RHP Carlos Delgado
|
Batting: RHB Mike Morrow
|
0-0: Called Strike 0-1: Swinging Strike 0-2: Ball 1-2: Foul Ball, location: 2F 1-2: Ball 2-2: Ball 3-2: Base on Balls
|
Pitching: LHP Félix López
|
|
Batting: RHB Preston Church
|
0-0: Called Strike 0-1: Called Strike 0-2: Grounds into double play, 6-4-3 (Groundball, 6)
|
Batting: LHB Richard Shelton
|
0-0: Called Strike 0-1: Ground out 3-1 (Groundball, 34)
|
Bottom of the 5th over - 0 runs, 0 hits, 0 errors, 0 left on base; Indian Hills 2 - Yellowknife 3 |
TOP OF THE 6TH |
Indian Hills Voodoo batting - Pitching for Yellowknife Claws : RHP Rubén Serna
|
Batting: RHB Ramón López
|
0-0: Swinging Strike 0-1: Called Strike 0-2: Foul Ball, location: 2F 0-2: Ball 1-2: Strikes out looking
|
Batting: RHB Yeong-seon Kim
|
0-0: Called Strike 0-1: Ball 1-1: Foul Ball, location: 2F 1-2: Foul Ball, location: 2F 1-2: Strikes out swinging
|
Batting: RHB Jake Holmes
|
0-0: Ball 1-0: Fly out, F7 (Flyball, 7S)
|
Top of the 6th over - 0 runs, 0 hits, 0 errors, 0 left on base; Indian Hills 2 - Yellowknife 3 |
BOTTOM OF THE 6TH |
Yellowknife Claws batting - Pitching for Indian Hills Voodoo : LHP Félix López
|
Batting: RHB Tomás Díaz
|
0-0: Foul Ball, location: 2F 0-1: Ball 1-1: Ball 2-1: Swinging Strike 2-2: Ball 3-2: SINGLE (Flyball, 8LM)
|
Batting: RHB Ernesto Sánchez
|
0-0: Ball 1-0: Ball 2-0: Ball 3-0: Called Strike 3-1: Called Strike 3-2: SINGLE (Flyball, 8RS) Tomás Díaz to second Tomás Díaz to third
|
Batting: LHB Ramón Reynoso
|
0-0: Foul Ball, location: 2F 0-1: Ball 1-1: Foul Ball, location: 2F 1-2: Ball 2-2: Fielders Choice at 2nd, 1-6 (Groundball, P)
|
Batting: RHB Neal Sánchez
|
0-0: Called Strike 0-1: Called Strike 0-2: Ball 1-2: Fly out, F5 (Popup, P)
|
Batting: RHB Bartolo Luján
|
0-0: Ball 1-0: Fly out, F6 (Popup, 6M)
|
Bottom of the 6th over - 0 runs, 2 hits, 0 errors, 2 left on base; Indian Hills 2 - Yellowknife 3 |
TOP OF THE 7TH |
Indian Hills Voodoo batting - Pitching for Yellowknife Claws : RHP Rubén Serna
|
Batting: LHB Steve Jones
|
0-0: Called Strike 0-1: Fly out, F8 (Flyball, 8LD)
|
Batting: LHB Dave Wilkinson
|
0-0: Ball 1-0: Swinging Strike 1-1: Foul Ball, location: 2F 1-2: Strikes out swinging
|
Batting: RHB Juan Romero
|
0-0: Called Strike 0-1: Foul Ball, location: 2F 0-2: Foul Ball, location: 2F 0-2: Ball 1-2: Foul Ball, location: 2F 1-2: Ball 2-2: Strikes out swinging
|
Top of the 7th over - 0 runs, 0 hits, 0 errors, 0 left on base; Indian Hills 2 - Yellowknife 3 |
BOTTOM OF THE 7TH |
Yellowknife Claws batting - Pitching for Indian Hills Voodoo : LHP Félix López
|
Batting: RHB Jesús Nieves
|
0-0: Called Strike 0-1: Ball 1-1: Ball 2-1: Ball 3-1: Base on Balls
|
Batting: RHB Mike Morrow
|
0-0: Ball 1-0: Called Strike 1-1: Foul Ball, location: 2F 1-2: Ball 2-2: SINGLE (Groundball, 6MD) Jesús Nieves to second
|
Batting: RHB Preston Church
|
0-0: Foul Ball, location: 2F 0-1: Ball 1-1: Foul Ball, location: 2F 1-2: Foul Ball, location: 2F 1-2: Ball 2-2: Grounds into double play, 6-4-3 (Groundball, 6) Jesús Nieves to third
|
Batting: LHB Richard Shelton
|
0-0: Fly out, F8 (Flyball, 8LM)
|
Bottom of the 7th over - 0 runs, 1 hit, 0 errors, 1 left on base; Indian Hills 2 - Yellowknife 3 |
TOP OF THE 8TH |
Indian Hills Voodoo batting - Pitching for Yellowknife Claws : RHP Rubén Serna
|
Batting: RHB Miguel Scallini
|
0-0: Swinging Strike 0-1: SOLO HOME RUN (Flyball, 7D), Distance : 380 ft
|
Batting: RHB Nelson Zavala
|
0-0: Called Strike 0-1: Ball 1-1: Called Strike 1-2: Ball 2-2: Foul Ball, location: 2F 2-2: Strikes out swinging
|
Pinch Hitting: LHB Guang Miao
|
0-0: Reached on error, E5 (Groundball, 5L)
|
Pinch Hitting: RHB Jon Bush
|
0-0: Intentional Walk
|
Batting: RHB Yeong-seon Kim
|
0-0: Called Strike 0-1: Foul Ball, location: 2F 0-2: Ball 1-2: Fly out, F7 (Flyball, 78D)
|
Batting: RHB Jake Holmes
|
0-0: SINGLE (Line Drive, 8LS) Guang Miao to third Jon Bush to second Runner from 3rd tries for Home, throw and OUT!
|
Top of the 8th over - 1 run, 2 hits, 1 error, 2 left on base; Indian Hills 3 - Yellowknife 3 |
BOTTOM OF THE 8TH |
Yellowknife Claws batting - Pitching for Indian Hills Voodoo : LHP Félix López
|
Now at 1B: Guang Miao
|
|
Now at SS: Jon Bush
|
|
Batting: RHB Tomás Díaz
|
0-0: Ball 1-0: SINGLE (Groundball, 4MD)
|
Batting: RHB Ernesto Sánchez
|
0-0: Called Strike 0-1: Ball 1-1: Ball 2-1: Swinging Strike 2-2: Foul Ball, location: 2F 2-2: Foul Ball, location: 2F 2-2: Ball 3-2: Base on Balls Tomás Díaz to second
|
Pinch Hitting: RHB David Rodríguez
|
0-0: Fly out, F9 (Flyball, 9LM)
|
Batting: RHB Neal Sánchez
|
0-0: Foul Ball, location: 2F 0-1: Called Strike 0-2: Ball 1-2: Ball 2-2: Strikes out swinging
|
Pitching: RHP Bob Wright
|
|
Pinch Hitting: SHB David Stanley
|
0-0: Ball 1-0: Ball 2-0: Foul Ball, location: 2F 2-1: Ground out U3 (Groundball, 3L)
|
Bottom of the 8th over - 0 runs, 1 hit, 0 errors, 2 left on base; Indian Hills 3 - Yellowknife 3 |
TOP OF THE 9TH |
Indian Hills Voodoo batting - Pitching for Yellowknife Claws : RHP Rubén Serna
|
Now at 1B: David Rodríguez
|
|
Now in RF: David Stanley
|
|
Pinch Hitting: RHB Manuel Romero
|
0-0: Ball 1-0: Called Strike 1-1: SINGLE (Line Drive, 7S)
|
Batting: LHB Dave Wilkinson
|
0-0: Foul Ball, location: 2F 0-1: Ball 1-1: Foul Ball, location: 2F 1-2: SINGLE (Flyball, 8RS) Manuel Romero to second
|
Batting: RHB Juan Romero
|
0-0: Called Strike 0-1: SINGLE (Line Drive, 56) Manuel Romero to third Dave Wilkinson to second
|
Pinch Hitting: RHB Enrique García
|
0-0: SINGLE (Line Drive, 56) Manuel Romero scores Dave Wilkinson to third Juan Romero to second
|
Batting: RHB Nelson Zavala
|
0-0: Foul Ball, location: 2F 0-1: Ball 1-1: Ball Wild Pitch! Dave Wilkinson scores Juan Romero to third Enrique García to second 2-1: Ball 3-1: Fly out, F9 (Flyball, 9) Runner from 3rd tags up, SCORES, throw made
|
Batting: LHB Guang Miao
|
0-0: Called Strike 0-1: Swinging Strike 0-2: Ball 1-2: Ball 2-2: Fly out, F4 (Line Drive, 4) Lined into DP, 4-6 (Line Drive, 4)
|
Top of the 9th over - 3 runs, 4 hits, 0 errors, 0 left on base; Indian Hills 6 - Yellowknife 3 |
BOTTOM OF THE 9TH |
Yellowknife Claws batting - Pitching for Indian Hills Voodoo : RHP Bob Wright
|
Pitching: LHP Juan Carlos García
|
|
Now in CF: Enrique García
|
|
Batting: RHB Jesús Nieves
|
0-0: Called Strike
|
Now in CF: Joe Hughes
|
0-1: Swinging Strike 0-2: Foul Ball, location: 2F 0-2: Strikes out looking
|
Batting: RHB Mike Morrow
|
0-0: Ball 1-0: Ball 2-0: Foul Ball, location: 2F 2-1: Ball 3-1: Fly out, F4 (Popup, 4D)
|
Batting: RHB Preston Church
|
0-0: Ball 1-0: Swinging Strike 1-1: Ball 2-1: SOLO HOME RUN (Flyball, 9LD), Distance : 361 ft
|
Batting: LHB Richard Shelton
|
0-0: Called Strike 0-1: Ball 1-1: Ball 2-1: Ball 3-1: Base on Balls
|
Batting: RHB Tomás Díaz
|
0-0: Ball 1-0: Called Strike 1-1: Called Strike 1-2: Ball 2-2: Fly out, F7 (Flyball, 7LMF)
|
Bottom of the 9th over - 1 run, 1 hit, 0 errors, 1 left on base; Indian Hills 6 - Yellowknife 4 |
|